 Dungeon Crawl Stone Soup version 0.22-a0-812-g4c1e2d5471 (webtiles) character file.

78959 Flugkiller the Cardsharp (level 16, -1/112 HPs)
             Began as a Halfling Hunter on July 23, 2018.
             Was a High Priest of Nemelex Xobeh.
             Killed from afar by a fire dragon (37 damage)
             ... with a blast of flame
             ... on level 15 of the Dungeon.
             The game lasted 01:32:45 (40530 turns).

Flugkiller the Cardsharp (Halfling Hunter)         Turns: 40530, Time: 01:32:46

Health: -1/112     AC: 21    Str: 17    XL:     16   Next: 10%
Magic:  27/27      EV: 30    Int:  9    God:    Nemelex Xobeh [*****.]
Gold:   1487       SH:  7    Dex: 18    Spells: 15/15 levels left

rFire    . . .     SeeInvis .   V - +1 dagger (elec)
rCold    + + .     Gourm    .   J - +0 buckler
rNeg     . . .     Faith    +   j - +0 acid dragon scales
rPois    .         Spirit   .   A - +2 helmet
rElec    .         Reflect  .   h - +2 cloak
rCorr    +         Harm     .   T - +0 pair of gloves "Kaly" {rC+ MR+} (curse)
MR       ++...                  F - +2 pair of boots
Stlth    ++........             p - amulet of faith
HPRegen  0.28/turn              y - +5 ring of evasion
MPRegen  0.20/turn              s - ring of protection from cold

@: no status effects
A: small, mutation resistance 1
a: Triple Draw, Deal Four, Stack Five, Renounce Religion


You were on level 15 of the Dungeon.
You worshipped Nemelex Xobeh.
Nemelex Xobeh was extremely pleased with you.
You were not hungry.

You visited 3 branches of the dungeon, and saw 22 of its levels.
You also visited: Labyrinth and Volcano.

You collected 1487 gold pieces.

Inventory:

Hand Weapons
 a - a +2 hunting sling of flaming
 b - a +0 dagger of venom
 V - a +1 dagger of electrocution (weapon)
Missiles
 d - 134 sling bullets
 e - 730 stones (quivered)
Armour
 h - a +2 cloak (worn)
 j - +0 acid dragon scales (worn)
 A - a +2 helmet (worn)
 F - a +2 pair of boots (worn)
 J - a +0 buckler (worn)
 T - the cursed +0 pair of gloves "Kaly" (worn) {rC+ MR+}
   (You found it on level 12 of the Dungeon)

   It protects you from cold.
   It affects your resistance to hostile enchantments.
   It has a curse placed upon it.
Jewellery
 p - an amulet of faith (around neck)
 s - a ring of protection from cold (right hand)
 y - a +5 ring of evasion (left hand)
Wands
 u - a wand of enslavement (16)
 M - a wand of acid (9)
 S - a wand of digging (30)
 Z - a wand of iceblast (4)
Scrolls
 k - 7 scrolls of remove curse
 l - 4 scrolls of fog
 r - 6 scrolls of teleportation
 v - 2 scrolls of fear
 E - a scroll of blinking
 H - a scroll of identify
 I - a scroll of enchant armour
 K - 3 scrolls of magic mapping
 P - a scroll of enchant weapon
Potions
 c - 4 potions of might
 g - 4 potions of haste
 m - a potion of berserk rage {unknown}
 n - 12 potions of curing
 t - 6 potions of heal wounds
 C - a potion of ambrosia
 D - 2 potions of mutation
 G - 2 potions of resistance
 N - a potion of cancellation
 Q - 2 potions of invisibility
Miscellaneous
 z - a legendary deck of summoning {drawn: 1}
 L - a legendary deck of destruction
 O - an ornate deck of summoning {drawn: 4}
 R - an ornate deck of summoning {drawn: 1}
 U - a plain deck of escape
 Y - a plain deck of destruction {drawn: 7}
Comestibles
 f - 31 rations
 i - 5 chunks of flesh


   Skills:
 + Level 11.1 Fighting
 - Level 5.0 Short Blades
 - Level 12.0 Slings
 + Level 13.0 Armour
 + Level 13.0 Dodging
 - Level 1.1 Stealth
 - Level 5.6 Shields
 * Level 15.7 Invocations


You had 15 spell levels left.
You didn't know any spells.
Your spell library contained the following spells:

 Spells                   Type           Power        Failure   Level  Hunger
 Cause Fear               Hex            #.........   99%         4    #####..
 Magic Dart               Conj           #...         45%         1    ##.....
 Conjure Flame            Conj/Fire      #.......     83%         3    ####...
 Bolt of Magma            Conj/Fire/Erth #.........   100%        5    ######.
 Slow                     Hex            #.......     58%         2    ###....
 Confuse                  Hex            #.......     83%         3    ####...
 Freezing Cloud           Conj/Ice/Air   #.........   100%        6    #######
 Mephitic Cloud           Conj/Pois/Air  #.......     83%         3    ####...
 Ring of Flames           Chrm/Fire      #.........   100%        7    #######
 Venom Bolt               Conj/Pois      #.........   100%        5    ######.
 Olgreb's Toxic Radiance  Pois           #.......     99%         4    #####..
 Blink                    Tloc           N/A          58%         2    ###....
 Animate Dead             Necr           N/A          99%         4    #####..
 Pain                     Necr           #...         45%         1    ##.....
 Animate Skeleton         Necr           N/A          45%         1    ##.....
 Vampiric Draining        Necr           #.........   83%         3    ####...
 Ozocubu's Armour         Chrm/Ice       #.......     83%         3    ####...
 Call Imp                 Summ           #.......     58%         2    ###....
 Regeneration             Chrm/Necr      #.........   83%         3    ####...
 Sting                    Conj/Pois      #...         45%         1    ##.....
 Tukima's Dance           Hex            #.......     83%         3    ####...
 Iron Shot                Conj/Erth      #.........   100%        6    #######
 Swiftness                Chrm/Air       #.......     58%         2    ###....
 Statue Form              Tmut/Erth      #........    100%        6    #######
 Deflect Missiles         Chrm/Air       #.........   100%        6    #######
 Shadow Creatures         Summ           N/A          100%        6    #######
 Ensorcelled Hibernation  Hex/Ice        #.....       58%         2    ###....
 Silence                  Hex/Air        #.........   100%        5    ######.
 Shatter                  Erth           #.........   100%        9    #######
 Corona                   Hex            #......      45%         1    ##.....
 Conjure Ball Lightning   Conj/Air       #.........   100%        6    #######
 Tornado                  Air            #.........   100%        9    #######
 Leda's Liquefaction      Hex/Erth       #.........   99%         4    #####..
 Darkness                 Hex            #.........   100%        6    #######
 Shroud of Golubria       Chrm/Tloc      #.........   58%         2    ###....
 Iskenderun's Battlesphe  Conj/Chrm      #.......     100%        5    ######.
 Dazzling Spray           Conj/Hex       #.....       83%         3    ####...
 Infusion                 Chrm           #...         45%         1    ##.....
 Discord                  Hex            #.........   100%        8    #######
 Summon Lightning Spire   Summ/Air       #.......     99%         4    #####..
 Yara's Violent Unravell  Hex/Tmut       #.........   100%        5    ######.
 Poisonous Vapours        Pois/Air       #.....       58%         2    ###....
 Borgnjor's Vile Clutch   Necr/Erth      #.........   100%        5    ######.


Dungeon Overview and Level Annotations

Branches:
Dungeon (15/15)            Temple (1/1) D:7            Lair (6/6) D:9
  Swamp (0/4) Lair:4       Spider (0/4) Lair:4        Slime (0/5) Lair:6
    Orc (0/2) D:10         Vaults (0/5) D:14
 Depths: D:15

Altars:
Ashenzari
Cheibriados
Dithmenos
Hepliaklqana
Makhleb
Nemelex Xobeh
Qazlal
Trog
Wu Jian
Xom
Yredelemnul
Zin

Portals:
Trove: D:14 (give +6 demon whip)

Annotations:
D:4 1 runed door
D:5 Sigmund
D:7 1 runed door
D:9 3 runed doors, brujo666's ghost, journeyman DgGl
Lair:4 4 exclusions


Innate Abilities, Weirdness & Mutations

You are small and have problems with some larger weapons.
You are somewhat resistant to further mutation.


Message History

The fire dragon resists.
The blast of flame hits you!
The teleport trap disappears.
The vampire mosquito disappears!
Evoke which item? (* to show all) (? for menu, Esc to quit)
You draw a card...
It is the Rangers.
The fire dragon closely misses your enchanted long sword.
The fire dragon claws your enchanted long sword.
The fire dragon tramples your enchanted long sword!
Your enchanted long sword holds its ground!
Your enchanted long sword hits the fire dragon.
You block the fire dragon's attack. The fire dragon barely misses you.
The fire dragon completely misses you.
You swap places.
Your enchanted long sword hits the fire dragon!!
The fire dragon bites your enchanted long sword!
The fire dragon misses your enchanted long sword.
The fire dragon tramples your enchanted long sword but does no damage.
The fire dragon breathes flames at you. The blast of flame hits your yaktaur.
The blast of flame hits you!
You die...
Your body disappears without a glow.

.... ######...##
.../.#......#..##
.........##.....#
#.##.##...##....##########
#....##D...........#
#.....##(#.######..#
#...8..#D#........##
#......#.c.....####
#....##D#.@#c.#### ...####
.##.......# ####
..##...#### #..#...#
.$#...# ######### .$#...#
#.......# #...# #.......#
#.#.# #....(..# #
#...###.(..((<#


You could see 2 fire dragons, a friendly yaktaur and a friendly enchanted long
sword.

Vanquished Creatures
  Rupert (D:12)
  3 vault guards
  A hydra (D:11)
  Fannar (Lair:3)
  3 catoblepae
  2 centaur warriors
  5 two-headed ogres
  A queen ant (Lair:5)
  A satyr (Lair:6)
  23 death yaks
  Urug (Lair:4)
  An unseen horror (D:10)
  2 deep elf magi
  A mana viper (Lair:5)
  2 ugly things
  2 cyclopes
  3 manticores
  An eye of devastation (D:15)
  A torpor snail (Lair:3)
  Joseph (D:10)
  A black mamba (Lair:4)
  15 elephants
  Psyche (D:12)
  A rime drake (Lair:5)
  11 spiny frogs
  5 komodo dragons
  A redback zombie (D:15)
  4 trolls
  2 polar bears
  A hornet (D:11)
  5 slime creatures
  13 blink frogs
  7 dream sheep
  9 hippogriffs
  A vampire (D:14)
  49 yaks
  A spriggan (D:7)
  3 shadows
  3 wyverns
  A redback (Lair:4)
  A wraith (D:14)
  A steam dragon (D:10)
  7 vampire mosquitoes
  4 swamp worms (Lair:4)
  A hungry ghost (D:15)
  A soldier ant (D:14)
  Edmund (D:5)
  An acid dragon (D:15)
  10 water moccasins
  9 porcupines
  4 black bears
  3 ice beasts
  7 sky beasts
  An eye of draining (D:14)
  2 orc warriors
  A boggart (D:15)
  5 ogres
  A phantom (D:6)
  5 wolves
  16 crocodiles
  14 centaurs
  4 big kobolds
  20 bullfrogs
  A water moccasin skeleton (D:4)
  3 scorpions
  8 wights
  11 killer bees
  A troll skeleton (Lab)
  2 spriggan skeletons (Lab)
  4 howler monkeys (D:9)
  A crimson imp (D:6)
  A centaur zombie (D:10)
  2 bullfrog zombies
  A quasit (D:6)
  3 bullfrog skeletons
  5 hounds
  4 jellies
  11 orc priests
  6 centaur skeletons
  2 iguanas
  Ijyb (D:5)
  6 orc wizards
  7 worker ants
  An ogre skeleton (Lab)
  2 hound skeletons
  2 adders
  12 white imps (Lair:1)
  2 oozes (D:1)
  An adder zombie (D:8)
  An adder skeleton (D:6)
  3 worms
  5 dart slugs
  3 leopard geckos
  46 orcs
  4 giant cockroaches
  14 goblins
  8 hobgoblins
  4 jackals (D:1)
  27 kobolds
  2 quokkas
  A ball python (D:1)
  7 bats
  7 frilled lizards
  A goblin zombie (D:4)
  A jackal skeleton (D:4)
  A leopard gecko skeleton (D:8)
  6 rats
  2 fungi
552 creatures vanquished.

Vanquished Creatures (collateral kills)
  An emperor scorpion (Lair:5)
  A minotaur (Lab)
  2 hydras
  A catoblepas (Lair:6)
  Erolcha (D:10)
  2 death yaks
  A manticore (Lair:6)
  2 black mambas
  A rime drake (Lair:4)
  A dream sheep (Lair:6)
  A blink frog (Lair:3)
  2 yaks (Lair:6)
  A swamp worm (Lair:4)
  A killer bee (D:9)
  2 howler monkeys (D:9)
  2 fungi (Lair:6)
22 creatures vanquished.

Vanquished Creatures (others)
  A death yak (Lair:6)
  A yak (Lair:6)
  A wight (D:12)
  2 ball lightnings
  A bush (Lair:6)
  36 fungi
  18 plants
60 creatures vanquished.

Grand Total: 634 creatures vanquished

Notes
Turn   | Place    | Note
-------+----------+-------------------------------------------
     0 | D:1      | Flugkiller the Halfling Hunter began the quest for the Orb.
     0 | D:1      | Reached XP level 1. HP: 14/14 MP: 1/1
   427 | D:1      | Reached XP level 2. HP: 15/19 MP: 2/2
   510 | D:1      | Reached skill level 1 in Short Blades
   661 | D:1      | Reached XP level 3. HP: 20/24 MP: 3/3
  1493 | D:2      | Reached XP level 4. HP: 29/29 MP: 4/4
  1678 | D:2      | Found a burning altar of Makhleb.
  1718 | D:2      | Noticed a green death
  2567 | D:3      | Reached XP level 5. HP: 35/35 MP: 5/5
  3187 | D:4      | Reached XP level 6. HP: 33/42 MP: 6/6
  3514 | D:4      | Found a runed door.
  3514 | D:4      | Noticed a human
  3524 | D:4      | Found a basalt altar of Yredelemnul.
  3729 | D:4      | Reached XP level 7. HP: 24/46 MP: 7/7
  4018 | D:5      | Entered Level 5 of the Dungeon
  4111 | D:5      | Noticed Edmund
  4201 | D:5      | Noticed Ijyb
  4214 | D:5      | Killed Ijyb
  4266 | D:5      | Found a shadowy altar of Dithmenos.
  4447 | D:5      | Killed Edmund
  4601 | D:5      | Noticed Sigmund
  4972 | D:6      | Reached skill level 5 in Dodging
  5427 | D:6      | Reached skill level 5 in Short Blades
  5427 | D:6      | Reached XP level 8. HP: 46/52 MP: 8/8
  5784 | D:6      | Found an ornate altar of the Wu Jian Council.
  5953 | D:6      | Found a snail-covered altar of Cheibriados.
  5964 | D:6      | Noticed a hippogriff
  5991 | D:6      | Killed a hippogriff
  6143 | D:7      | Reached skill level 10 in Slings
  6227 | D:7      | Noticed a hippogriff
  6265 | D:7      | Found a runed door.
  6557 | D:7      | Noticed a hippogriff
  6586 | D:7      | Killed a hippogriff
  6586 | D:7      | Reached XP level 9. HP: 45/56 MP: 9/9
  6608 | D:6      | Killed a hippogriff
  7339 | D:7      | Found a bloodstained altar of Trog.
  7365 | D:7      | Found a staircase to the Ecumenical Temple.
  7524 | Temple   | Entered the Ecumenical Temple
  7556 | Temple   | Became a worshipper of Nemelex Xobeh the Trickster
  7754 | D:8      | Reached skill level 1 in Invocations
  7876 | D:8      | Received a gift from Nemelex Xobeh
  8138 | D:8      | Found a hazy altar of Hepliaklqana.
  8147 | D:8      | Reached skill level 1 in Armour
  8164 | D:8      | Reached skill level 2 in Invocations
  8420 | D:8      | Got a shimmering dagger
  8424 | D:8      | Identified the +3 dagger of Undoing {pain, *Contam rC++ rN+++} (You found it on level 8 of the Dungeon)
  8707 | D:9      | Reached XP level 10. HP: 62/63 MP: 12/12
  8776 | D:9      | Reached skill level 3 in Invocations
  8913 | D:9      | Reached skill level 4 in Invocations
  9111 | D:9      | Noticed a death yak
  9272 | D:9      | Noticed a death yak
  9272 | D:9      | Noticed a death yak
  9273 | D:9      | Noticed a death yak
  9273 | D:9      | Noticed a death yak
  9274 | D:9      | Noticed a death yak
  9274 | D:9      | Noticed a death yak
  9325 | D:8      | Killed a death yak
  9325 | D:8      | Reached skill level 5 in Invocations
  9882 | D:9      | Found a runed gate.
  9883 | D:9      | Found a runed gate.
  9884 | D:9      | Found a runed gate.
  9886 | D:9      | Noticed brujo666's ghost (journeyman DgGl)
 10030 | D:9      | Received a gift from Nemelex Xobeh
 10086 | D:9      | Found a staircase to the Lair.
 10157 | D:9      | Killed a death yak
 10157 | D:9      | Reached skill level 10 in Dodging
 10157 | D:9      | Reached skill level 6 in Invocations
 10632 | D:9      | Killed a death yak
 10632 | D:9      | Reached skill level 5 in Fighting
 10632 | D:9      | Reached XP level 11. HP: 39/71 MP: 14/16
 10884 | D:9      | Killed a death yak
 10884 | D:9      | Reached skill level 5 in Armour
 10884 | D:9      | Reached skill level 7 in Invocations
 11152 | D:9      | Killed a death yak
 11543 | D:9      | Killed a death yak
 11543 | D:9      | Reached skill level 8 in Invocations
 12067 | Lair:1   | Entered Level 1 of the Lair of Beasts
 13182 | D:9      | Killed a death yak
 13182 | D:9      | Reached skill level 9 in Invocations
 13437 | Lair:1   | Reached * piety under Nemelex Xobeh
 13740 | Lair:1   | Noticed a seven-headed hydra
 13782 | Lair:1   | Killed a seven-headed hydra
 13782 | Lair:1   | Reached XP level 12. HP: 20/79 MP: 19/19
 14369 | Lair:2   | Noticed a six-headed hydra
 14620 | Lair:1   | Reached skill level 10 in Invocations
 14903 | Lair:2   | Found a dark tunnel.
 14910 | Volcano  | Entered a volcano
 14926 | Volcano  | Noticed a salamander mystic
 15139 | Lair:2   | Reached ** piety under Nemelex Xobeh
 15139 | Lair:2   | Received a gift from Nemelex Xobeh
 15980 | Lair:2   | Killed a six-headed hydra
 16221 | Lair:3   | Noticed a death yak
 16221 | Lair:3   | Noticed a death yak
 16222 | Lair:3   | Noticed a death yak
 16223 | Lair:3   | Noticed a death yak
 16223 | Lair:3   | Noticed a death yak
 16330 | Lair:3   | Found a labyrinth entrance.
 16339 | Lab      | Entered a labyrinth
 16653 | Lab      | Received a gift from Nemelex Xobeh
 16801 | Lab      | Noticed a minotaur
 16858 | Lab      | Killed a minotaur
 16888 | Lab      | Identified the Disquisition on Talismans
 17285 | Lair:3   | Noticed Fannar
 17529 | Lair:3   | Killed Fannar
 17584 | Lair:2   | Killed a death yak
 17841 | Lair:2   | Killed a death yak
 17841 | Lair:2   | Reached skill level 11 in Invocations
 18099 | Lair:2   | Killed a death yak
 18785 | Lair:3   | Received a gift from Nemelex Xobeh
 19162 | Lair:3   | Reached *** piety under Nemelex Xobeh
 19181 | Lair:3   | Reached XP level 13. HP: 86/86 MP: 21/21
 19233 | Lair:3   | Received a gift from Nemelex Xobeh
 19729 | Lair:4   | Reached skill level 10 in Armour
 20898 | Lair:4   | Found a hole to the Spider Nest.
 21146 | Lair:4   | Noticed Urug
 21163 | Lair:4   | Killed Urug
 21163 | Lair:4   | Reached skill level 12 in Invocations
 21514 | Lair:4   | Found a staircase to the Swamp.
 22198 | Lair:4   | Received a gift from Nemelex Xobeh
 22418 | Lair:5   | Noticed a six-headed hydra
 22427 | Lair:5   | Noticed an ettin
 22427 | Lair:5   | a six-headed hydra changed into an ettin
 22429 | Lair:5   | an ettin changed into a mana viper
 22491 | Lair:5   | Reached **** piety under Nemelex Xobeh
 22522 | Lair:5   | Received a gift from Nemelex Xobeh
 24053 | Lair:5   | Received a gift from Nemelex Xobeh
 24934 | Lair:6   | Entered Level 6 of the Lair of Beasts
 24938 | Lair:6   | Noticed a seven-headed hydra
 25397 | Lair:5   | a seven-headed hydra changed into a queen ant
 25412 | Lair:5   | Reached skill level 13 in Invocations
 25412 | Lair:5   | Reached XP level 14. HP: 74/95 MP: 23/23
 26465 | Lair:5   | Noticed an emperor scorpion
 26465 | Lair:5   | a catoblepas changed into an emperor scorpion
 26489 | Lair:5   | Killed an emperor scorpion
 29286 | Lair:6   | Found a staircase to the Slime Pits.
 30256 | Lair:6   | Received a gift from Nemelex Xobeh
 31712 | Lair:6   | Reached skill level 14 in Invocations
 31712 | Lair:6   | Reached XP level 15. HP: 29/103 MP: 25/25
 32558 | Lair:6   | Reached skill level 10 in Fighting
 32785 | D:10     | Entered Level 10 of the Dungeon
 32785 | D:10     | Found a staircase to the Orcish Mines.
 32785 | D:10     | Noticed Joseph
 32809 | D:10     | Killed Joseph
 33011 | D:10     | Noticed Erolcha
 33094 | D:10     | Killed Erolcha
 33233 | D:10     | Received a gift from Nemelex Xobeh
 33282 | D:10     | Noticed Grum
 33349 | D:10     | Noticed Grum
 33349 | D:10     | Grum changed into Grum the steam dragon
 33363 | D:10     | Killed Grum the steam dragon
 33612 | D:10     | Reached ***** piety under Nemelex Xobeh
 33612 | D:10     | Received a gift from Nemelex Xobeh
 35523 | D:11     | Reached skill level 1 in Shields
 36399 | D:12     | Noticed Psyche
 36435 | D:12     | Killed Psyche
 36467 | D:12     | Noticed Rupert
 36482 | D:12     | Killed Rupert
 36482 | D:12     | Reached skill level 15 in Invocations
 36773 | D:12     | Got a pair of scorched gloves
 36779 | D:12     | Identified the cursed +0 pair of gloves "Kaly" {rC+ MR+} (You found it on level 12 of the Dungeon)
 36968 | D:13     | Received a gift from Nemelex Xobeh
 37427 | D:13     | Found a sparkling altar of Nemelex Xobeh.
 37734 | D:13     | Received a gift from Nemelex Xobeh
 37922 | D:13     | Identified a scroll of acquirement
 37997 | D:14     | Found a glowing silver altar of Zin.
 38813 | D:14     | Found a gate to the Vaults.
 39290 | D:14     | Reached skill level 5 in Shields
 39584 | D:14     | Found a portal to a secret trove of treasure.
 39864 | D:15     | Entered Level 15 of the Dungeon
 40022 | D:15     | Reached XP level 16. HP: 106/111 MP: 27/27
 40530 | D:15     | Killed from afar by a fire dragon

Vault maps used:
D:1:      shiori_shiawase, item_on_display_a
D:2:      makhleb_altar_promises_db, dk_vineyard_1
D:4:      first_ration, dk_yredelemnul_ordeal
D:5:      nicolae_dithmenos_the_darkroom, uniq_sigmund, uniq_ijyb, uniq_edmund
D:6:      lemuel_doored_altar, basic_altar
D:7:      lemuel_round_altar, minmay_temple_entry_butterflies, the_bakery,
          uniq_crazy_yiuf_cottage
D:8:      old_standard_altar
D:9:      dpeg_lair_monsters, gammafunk_ghost_split, kennysheep_generic_room_8
D:10:     orc_0_dummy, hangedman_decor_riveting, minmay_misc_feat_chi,
          onia_ninara_dug_in_and_dangerous, uniq_erolcha, uniq_joseph, uniq_grum
D:11:     kennysheep_generic_room_11
D:12:     uniq_rupert, uniq_psyche
D:13:     nemelex_xobeh_ov_fountains_minmay
D:14:     lightli_vaults_fourway_checkpoint, lemuel_round_altar,
          nicolae_trove_entry_columns
D:15:     grunt_enter_depths_hoard, basic_altar, kennysheep_kite_vault
Temple:   minmay_crystal_spiral_temple
Lair:1:   portal_ice_cave_entry_imps, minivault_26
Lair:2:   nicolae_volcano_entry_hallway, grunt_megastairs_1
Lair:3:   lab_entry_generic, uniq_fannar
Lair:4:   minmay_swamp_entry_worms, spider_nest_entry_a, minmay_hedge_maze,
          lemuel_fruit_tree, uniq_urug
Lair:5:   grunt_megastairs_4
Lair:6:   evilmike_catoblepas_cave, dpeg_slime_entry_corner, st_stairs_12,
          serial_bayou_shore_b
Lab:      nicolae_lab_dead_adventurers, nicolae_lab_arrow
Volcano:  kennysheep_volcano_temple

Skill      XL: |  1  2  3  4  5  6  7  8  9 10 11 12 13 14 15 16 |
---------------+-------------------------------------------------+-----
Slings         | 6 7 8 11 12 | 12.0
Fighting       | 2 3 5 6 7 8 9 10 11 | 11.1
Short Blades   | 1 2 3 5 |  5.0
Dodging        | 3 4 5 7 9 10 11 12 13 | 13.0
Invocations    | 2 6 9 11 13 14 15 | 15.7
Armour         | 1 4 6 9 11 12 13 | 13.0
Shields        | 5 |  5.6
Stealth        | |  1.1

Action                   |  1- 3 |  4- 6 |  7- 9 | 10-12 | 13-15 | 16-18 || total
-------------------------+-------+-------+-------+-------+-------+-------++-------
Melee: Short sword       |    14 |       |       |       |       |       ||    14
       Dagger            |   137 |     1 |   462 |  1214 |  2614 |   182 ||  4610
       Hunting sling     |       |       |       |       |     1 |       ||     1
 Fire: Hunting sling     |     6 |   243 |   134 |    90 |   436 |       ||   909
Invok: Triple Draw       |       |       |       |       |     2 |       ||     2
Evoke: Deck              |       |       |       |    11 |    57 |     2 ||    70
       Wand              |       |       |       |       |     1 |       ||     1
  Use: Scroll            |       |     6 |     3 |    15 |     8 |       ||    32
       Potion            |       |       |       |     2 |       |       ||     2
 Stab: Sleeping          |     3 |       |     2 |     3 |     3 |       ||    11
       Distracted        |       |       |       |       |     1 |       ||     1
       Petrified         |       |       |       |       |     1 |       ||     1
       Petrifying        |       |       |       |       |     1 |       ||     1
  Eat: Chunk             |     2 |     6 |     6 |    15 |    40 |     2 ||    71
       Ration            |       |       |     3 |     6 |     8 |       ||    17
Armor: Leather armour    |     5 |       |       |       |       |       ||     5
       Acid dragon scale |    35 |     9 |    81 |   147 |   426 |    32 ||   730
Dodge: Dodged            |   116 |    39 |   513 |  1182 |  2610 |   211 ||  4671
Block: Buckler           |       |       |       |       |   181 |    63 ||   244

Table legend:
 A = Spawn XP
 B = Non-spawn XP
 C = Spawn XP percentage of total XP
 D = Spawn monster count
 E = Non-spawn monster count
 F = Spawn count percentage of total count
 G = Total turns spent on level
                    A         B        C        D         E        F      G
               +---------+---------+-------+---------+---------+-------+---------
         Total |       0 |  112799 |   0.0 |       0 |     573 |   0.0 | 40530
               +---------+---------+-------+---------+---------+-------+---------
           D:1 |       0 |      56 |   0.0 |       0 |      26 |   0.0 |  1380
           D:2 |       0 |      56 |   0.0 |       0 |      22 |   0.0 |   954
           D:3 |       0 |      83 |   0.0 |       0 |      30 |   0.0 |   725
           D:4 |       0 |     369 |   0.0 |       0 |      14 |   0.0 |  1201
           D:5 |       0 |     278 |   0.0 |       0 |       5 |   0.0 |   956
           D:6 |       0 |    1272 |   0.0 |       0 |      23 |   0.0 |  1320
           D:7 |       0 |    1132 |   0.0 |       0 |      18 |   0.0 |  1268
           D:8 |       0 |    1523 |   0.0 |       0 |      18 |   0.0 |  1139
           D:9 |       0 |    8605 |   0.0 |       0 |      49 |   0.0 |  3954
          D:10 |       0 |    3871 |   0.0 |       0 |      21 |   0.0 |  1519
          D:11 |       0 |    6199 |   0.0 |       0 |      35 |   0.0 |  1392
          D:12 |       0 |    7573 |   0.0 |       0 |      27 |   0.0 |  1157
          D:13 |       0 |    8026 |   0.0 |       0 |      33 |   0.0 |  1701
          D:14 |       0 |    7775 |   0.0 |       0 |      34 |   0.0 |  1469
          D:15 |       0 |    4576 |   0.0 |       0 |      17 |   0.0 |   454
        Lair:1 |       0 |    4012 |   0.0 |       0 |      27 |   0.0 |  1954
        Lair:2 |       0 |    6232 |   0.0 |       0 |      22 |   0.0 |  2735
        Lair:3 |       0 |    6272 |   0.0 |       0 |      23 |   0.0 |  2160
        Lair:4 |       0 |    6305 |   0.0 |       0 |      24 |   0.0 |  2948
        Lair:5 |       0 |   16594 |   0.0 |       0 |      42 |   0.0 |  4844
        Lair:6 |       0 |   21187 |   0.0 |       0 |      58 |   0.0 |  4539
           Lab |       0 |     803 |   0.0 |       0 |       5 |   0.0 |   659
               +---------+---------+-------+---------+---------+-------+---------
